[Event "AI Cup Div-2 2023"]
[Site "Online"]
[Date "2023.09.29"]
[Round "5.2"]
[White "Artemiev, Vladislav"]
[Black "Fedoseev, Vladimir"]
[Result "0-1"]
[ECO "B22"]
[WhiteElo "2697"]
[BlackElo "2683"]
[Annotator "ChessBase"]
[PlyCount "228"]
[EventDate "2023.09.18"]
[EventType "k.o."]
[EventCountry "NET"]
[SourceTitle "playchess.com"]
[Source "ChessBase"]
[SourceQuality "1"]
[TimeControl "900+3"]

1. e4 c5 2. Nf3 e6 3. c3 d5 4. exd5 Qxd5 5. d4 Nf6 6. Be2 Be7 7. O-O O-O 8. Be3 cxd4 9. Nxd4 Qd8 10. c4 e5 11. Nb5 Nc6 12. N1c3 Be6 13. Qxd8 Raxd8 14. Rad1 Bb4 15. a3 Bxc3 16. Nxc3 Na5 17. Bxa7 Nxc4 18. Bxc4 Bxc4 19. Bb6 Rd7 20. Rfe1 Bb3 21. Rc1 Re8 22. f3 h5 23. Bf2 Rd2 24. Re2 Red8 25. Rxe5 Rxb2 26. Re2 Rxe2 27. Nxe2 Nd5 28. Nd4 Nf4 29. Re1 Bc4 30. Be3 Nd3 31. Rb1 Re8 32. Bf2 Ba6 33. h4 g6 34. Bg3 Rc8 35. Ne2 Rc2 36. Nf4 Rc3 37. Nxd3 Rxd3 38. a4 Kf8 39. Rc1 Ke7 40. Bf2 Kd7 41. Re1 Bc4 42. Kh2 Ra3 43. Rb1 Bd5 44. Rd1 Ke6 45. Re1+ Kd6 46. Bg3+ Kc5 47. Rc1+ Kd4 48. Rd1+ Kc4 49. Bf2 Bc6 50. Rd4+ Kc3 51. Rd6 Rxa4 52. Rf6 Bd5 53. Rd6 Kc4 54. Rb6 Rb4 55. Kg3 Ra4 56. Kf4 Kd3+ 57. Kg3 Bc6 58. Rb3+ Kc4 59. Rb6 Ra2 60. Be3 Re2 61. Bg1 f6 62. Bf2 g5 63. hxg5 fxg5 64. Bg1 h4+ 65. Kh3 Re1 66. Kh2 Kc3 67. Bc5 Re2 68. Kh3 Bd7+ 69. Kh2 h3 70. Rxb7 Rxg2+ 71. Kh1 Bc6 72. Rh7 g4 73. fxg4 Rc2+ 74. Kg1 Rg2+ 75. Kh1 Kc4 76. Rxh3 Rxg4+ 77. Kh2 Rg2+ 78. Kh1 Rc2+ 79. Kg1 Kxc5 80. Rh2 Rc3 81. Kf2 Kd4 82. Rh4+ Be4 83. Rf4 Rc2+ 84. Kg3 Rg2+ 85. Kh4 Rg8 86. Rg4 Rh8+ 87. Kg5 Ke5 88. Rg3 Rf8 89. Rg4 Bf3 90. Rg3 Rg8+ 91. Kh4 Rh8+ 92. Kg5 Rf8 93. Kh4 Ke4 94. Kg5 Rg8+ 95. Kh4 Rh8+ 96. Kg5 Rf8 97. Kh4 Rf5 98. Rg5 Rf6 99. Rg3 Rf7 100. Rg5 Ke3 101. Kg3 Be4 102. Rg4 Rf1 103. Rg5 Rh1 104. Rg4 Bf5 105. Rg5 Ke4 106. Kg2 Ra1 107. Kg3 Ra3+ 108. Kh2 Kf4 109. Rg2 Rh3+ 110. Kg1 Be4 111. Rh2 Ra3 112. Rh4+ Kg3 113. Rxe4 Ra1+ 114. Re1 Rxe1# 0-1

[Event "AI Cup Div-2 2023"]
[Site "Online"]
[Date "2023.09.29"]
[Round "5.3"]
[White "Fedoseev, Vladimir"]
[Black "Artemiev, Vladislav"]
[Result "1/2-1/2"]
[ECO "D02"]
[WhiteElo "2683"]
[BlackElo "2697"]
[Annotator "ChessBase"]
[PlyCount "119"]
[EventDate "2023.09.18"]
[EventType "k.o."]
[EventCountry "NET"]
[SourceTitle "playchess.com"]
[Source "ChessBase"]
[SourceQuality "1"]
[TimeControl "900+3"]

1. d4 e6 2. Nf3 c5 3. g3 cxd4 4. Nxd4 d5 5. Bg2 Nf6 6. O-O e5 7. Nb3 Be6 8. c4 Nc6 9. cxd5 Nxd5 10. Bd2 Be7 11. Nc3 Nxc3 12. Bxc3 f6 13. Qxd8+ Rxd8 14. Rfc1 Bd5 15. Na5 Bxg2 16. Kxg2 Nxa5 17. Bxa5 b6 18. Bc3 Kf7 19. f4 e4 20. a4 Rd7 21. a5 Rc8 22. axb6 axb6 23. Rd1 Rxd1 24. Rxd1 Ke6 25. Ra1 b5 26. Ra7 Rc4 27. f5+ Kf7 28. Ba5 Ke8 29. Ra8+ Kf7 30. Ra7 Ra4 31. b4 Ke8 32. Rb7 Bxb4 33. Bxb4 Rxb4 34. Rxg7 h5 35. Kf2 Rc4 36. Rb7 Rc5 37. Ke3 Rxf5 38. Kxe4 Re5+ 39. Kf3 Kd8 40. e4 Ke8 41. Kf4 Kf8 42. Rc7 Ke8 43. h4 Kf8 44. Ke3 f5 45. Kf4 Rxe4+ 46. Kxf5 Rg4 47. Kf6 Kg8 48. Rc5 Rxg3 49. Rxb5 Rf3+ 50. Kg6 Rf8 51. Rxh5 Rd8 52. Rf5 Rd6+ 53. Rf6 Rxf6+ 54. Kxf6 Kh7 55. Kg5 Kh8 56. h5 Kg8 57. h6 Kh8 58. Kh5 Kg8 59. Kg6 Kh8 60. h7 1/2-1/2

[Event "AI Cup Div-2 2023"]
[Site "Online"]
[Date "2023.09.29"]
[Round "5.4"]
[White "Artemiev, Vladislav"]
[Black "Fedoseev, Vladimir"]
[Result "1/2-1/2"]
[ECO "C24"]
[WhiteElo "2697"]
[BlackElo "2683"]
[Annotator "ChessBase"]
[PlyCount "106"]
[EventDate "2023.09.18"]
[EventType "k.o."]
[EventCountry "NET"]
[SourceTitle "playchess.com"]
[Source "ChessBase"]
[SourceQuality "1"]
[TimeControl "900+3"]

1. e4 e5 2. Bc4 Nf6 3. d3 c6 4. Nf3 d5 5. Bb3 Bd6 6. Nc3 dxe4 7. Ng5 O-O 8. Ncxe4 Nxe4 9. Nxe4 Bf5 10. Ng3 Bg6 11. h4 h6 12. Qg4 Kh8 13. h5 Bh7 14. Nf5 Qf6 15. Nxd6 Qxd6 16. Bd2 Nd7 17. Bc3 a5 18. a3 Nc5 19. Ba2 f6 20. O-O Rfe8 21. Rae1 b5 22. Bf7 Re7 23. Bg6 Ne6 24. Bd2 Qd7 25. f4 exf4 26. Bxf4 Bxg6 27. hxg6 Rae8 28. Re4 Nf8 29. Qxd7 Nxd7 30. Rxe7 Rxe7 31. Rf2 Nf8 32. Bd2 Ra7 33. Re2 Nxg6 34. Re6 Ne5 35. Bc3 Ng4 36. Rxc6 b4 37. Bd4 Rd7 38. Rc4 bxa3 39. bxa3 h5 40. g3 Kg8 41. Kg2 Kf7 42. Kf3 g5 43. Bc3 Re7 44. Bxa5 Re3+ 45. Kg2 Re2+ 46. Kf1 Re5 47. Bd2 Rf5+ 48. Ke1 Rf3 49. a4 Rxg3 50. Kf1 h4 51. Be1 Ne3+ 52. Ke2 Nxc4 53. Bxg3 Nb2 1/2-1/2

[Event "AI Cup Div-2 2023"]
[Site "Online"]
[Date "2023.09.26"]
[Round "51.1"]
[White "Niemann, Hans Moke"]
[Black "Safarli, Eltaj"]
[Result "1-0"]
[ECO "B40"]
[WhiteElo "2667"]
[BlackElo "2612"]
[Annotator "ChessBase"]
[PlyCount "80"]
[EventDate "2023.09.18"]
[EventType "k.o."]
[EventCountry "NET"]
[SourceTitle "playchess.com"]
[Source "ChessBase"]
[SourceQuality "1"]
[TimeControl "900+3"]

1. e4 c5 2. Nf3 e6 3. b3 a6 4. Bb2 Nc6 5. g3 Qc7 6. Bg2 Nf6 7. Qe2 d6 8. O-O e5 9. h3 Be7 10. c3 Bd7 11. Rd1 Qc8 12. Kh2 h5 13. d4 h4 14. g4 Bd8 15. dxc5 dxc5 16. Nbd2 b5 17. a4 Ne7 18. Nxe5 Bc7 19. f4 Bxe5 20. fxe5 Qc7 21. Nf3 Ng6 22. c4 Bxg4 23. hxg4 h3 24. Bh1 Nxg4+ 25. Kg1 h2+ 26. Kf1 O-O 27. Nxh2 N4xe5 28. cxb5 f5 29. Kg1 Nf4 30. Qe3 Ng4 31. Nxg4 fxg4 32. e5 Nh3+ 33. Kh2 Rf2+ 34. Kg3 Raf8 35. Bd5+ Kh8 36. Rd2 R2f3+ 37. Bxf3 Rxf3+ 38. Qxf3 gxf3 39. Rh1 Kg8 40. Rxh3 Qf7 1-0

[Event "AI Cup Div-2 2023"]
[Site "Online"]
[Date "2023.09.26"]
[Round "51.1"]
[White "Gledura, Benjamin"]
[Black "Eljanov, Pavel"]
[Result "1-0"]
[ECO "D35"]
[WhiteElo "2633"]
[BlackElo "2695"]
[Annotator "ChessBase"]
[PlyCount "101"]
[EventDate "2023.09.18"]
[EventType "k.o."]
[EventCountry "NET"]
[SourceTitle "playchess.com"]
[Source "ChessBase"]
[SourceQuality "1"]
[TimeControl "900+3"]

1. d4 Nf6 2. c4 e6 3. Nc3 d5 4. cxd5 exd5 5. Bg5 c6 6. e3 h6 7. Bh4 Be7 8. Bd3 O-O 9. Nge2 Re8 10. O-O Nbd7 11. a4 Nh5 12. Bxe7 Qxe7 13. a5 Ndf6 14. Qd2 g6 15. Rac1 Ng7 16. Na4 a6 17. Rfe1 Bf5 18. Nc5 h5 19. Nf4 Rad8 20. Bf1 Bc8 21. Nfd3 Nf5 22. b3 Ng4 23. h3 Nf6 24. Ne5 Kg7 25. Qc3 Qc7 26. b4 Kg8 27. Qb2 Nd6 28. f3 Nd7 29. Nexd7 Bxd7 30. e4 dxe4 31. fxe4 Bc8 32. e5 Nf5 33. Ne4 Re6 34. Nf6+ Rxf6 35. exf6 Be6 36. d5 Bxd5 37. Qe5 Qxe5 38. Rxe5 Rd6 39. Re8+ Kh7 40. Rb8 Ne3 41. Rxb7 Nxf1 42. Rxf1 g5 43. Rb6 Bc4 44. Rf2 Kg6 45. Rb8 Kh7 46. Rf5 Kg6 47. g4 hxg4 48. hxg4 Be6 49. Rg8+ Kh6 50. Rfxg5 Bd5 51. Rh5# 1-0

[Event "AI Cup Div-2 2023"]
[Site "Online"]
[Date "2023.09.26"]
[Round "51.1"]
[White "Kuzubov, Yuriy"]
[Black "Hakobyan, Aram"]
[Result "1-0"]
[ECO "E36"]
[WhiteElo "2625"]
[BlackElo "2617"]
[Annotator "ChessBase"]
[PlyCount "105"]
[EventDate "2023.09.18"]
[EventType "k.o."]
[EventCountry "NET"]
[SourceTitle "playchess.com"]
[Source "ChessBase"]
[SourceQuality "1"]
[TimeControl "900+3"]

1. d4 Nf6 2. c4 e6 3. Nc3 Bb4 4. Qc2 d5 5. a3 Bxc3+ 6. Qxc3 O-O 7. Nf3 dxc4 8. Qxc4 b6 9. Bg5 Ba6 10. Qc1 Bb7 11. Qf4 Nbd7 12. Ne5 h6 13. h4 Nxe5 14. Bxf6 Qxf6 15. Qxe5 Qxe5 16. dxe5 Rfd8 17. Rh3 Rd5 18. Re3 Rad8 19. f4 c5 20. Rc1 Rd2 21. b4 cxb4 22. axb4 R2d4 23. Rc7 Be4 24. Ra3 Bg6 25. g3 Rxb4 26. Raxa7 b5 27. h5 Bxh5 28. g4 Bg6 29. f5 exf5 30. gxf5 Bxf5 31. Rxf7 Rb1+ 32. Kf2 Rf8 33. Rxg7+ Kh8 34. Rgf7 Rxf7 35. Rxf7 Bg6 36. Rb7 Rb4 37. Bg2 Rf4+ 38. Ke3 Rf8 39. Bc6 Bf5 40. Bxb5 h5 41. Bc4 h4 42. e6 Re8 43. e7 h3 44. Kf4 h2 45. Bd5 Be6 46. Bc6 Kg7 47. Ke5 Bc8 48. Ra7 Kf7 49. Kd6 Kg7 50. Ra1 Rh8 51. e8=Q Rxe8 52. Bxe8 Bb7 53. Bc6 1-0

[Event "AI Cup Div-2 2023"]
[Site "Online"]
[Date "2023.09.26"]
[Round "51.1"]
[White "Antipov, Mikhail Al."]
[Black "Saric, Ivan"]
[Result "1/2-1/2"]
[ECO "B13"]
[WhiteElo "2600"]
[BlackElo "2647"]
[Annotator "ChessBase"]
[PlyCount "75"]
[EventDate "2023.09.18"]
[EventType "k.o."]
[EventCountry "NET"]
[SourceTitle "playchess.com"]
[Source "ChessBase"]
[SourceQuality "1"]
[TimeControl "900+3"]

1. e4 c6 2. d4 d5 3. exd5 cxd5 4. Bd3 Nc6 5. c3 Nf6 6. h3 e5 7. dxe5 Nxe5 8. Qe2 Ne4 9. Bb5+ Bd7 10. Nf3 Bxb5 11. Qxb5+ Qd7 12. Qxd7+ Nxd7 13. Be3 Bc5 14. Bxc5 Ndxc5 15. Ke2 O-O-O 16. Rd1 Rhe8 17. Kf1 Na4 18. b3 Nac5 19. Na3 Kb8 20. Rac1 a6 21. Nd4 h5 22. f3 Ng3+ 23. Kf2 h4 24. Nac2 Re5 25. Rd2 Rde8 26. Re1 Rxe1 27. Nxe1 Nh1+ 28. Kf1 Ng3+ 29. Kf2 f5 30. Ne2 Kc7 31. Nf4 Kc6 32. Nc2 g5 33. Nb4+ Kb5 34. Nfxd5 Nh1+ 35. Kf1 Ng3+ 36. Kf2 Nh1+ 37. Kf1 Ng3+ 38. Kf2 1/2-1/2

[Event "AI Cup Div-2 2023"]
[Site "Online"]
[Date "2023.09.26"]
[Round "51.2"]
[White "Eljanov, Pavel"]
[Black "Gledura, Benjamin"]
[Result "1-0"]
[ECO "A06"]
[WhiteElo "2695"]
[BlackElo "2633"]
[Annotator "TA"]
[PlyCount "149"]
[EventDate "2023.09.18"]
[EventType "k.o."]
[EventCountry "NET"]
[SourceTitle "playchess.com"]
[Source "ChessBase"]
[SourceQuality "1"]
[TimeControl "900+3"]

1. Nf3 d5 2. e3 Nf6 3. b3 Bf5 4. Be2 h6 5. Ba3 Nbd7 6. c4 {[%emt 0:00:37] A06: Réti Opening: 1 Nf3 d5.} e6 7. Bxf8 Nxf8 8. Nc3 {[%emt 0:01:27] The position is equal.} c6 9. O-O N8d7 10. d4 O-O 11. Qc1 Qe7 12. Qb2 a5 13. a3 Bg4 14. h3 {[%emt 0:00:29] [#]} Bh5 $146 ({Predecessor:} 14... Bxf3 15. Bxf3 Rfd8 16. Rfd1 Nb6 17. Be2 Nc8 18. c5 b5 19. b4 a4 20. f4 Ne4 21. Nxe4 dxe4 {0-1 So,W (2778)-Giri,A (2777) Meltwater Tour Final rapid 2021 (5.1)}) 15. Rac1 Ne4 16. Rfe1 Nxc3 17. Rxc3 Nf6 18. Ne5 Bxe2 19. Rxe2 Nd7 20. Nd3 Rfd8 21. Rc1 Rac8 22. c5 Re8 23. f4 Rb8 24. Qc3 b6 25. b4 (25. cxb6 {is interesting.} Qxa3 26. Nc5 Nxb6 27. Ra1) 25... axb4 26. axb4 bxc5 27. bxc5 Nf6 28. Ne5 Qc7 29. Ra1 Ra8 (29... Ne4 $11 30. Qd3 f6) 30. Rea2 $14 Qb7 {[%emt 0:01:02] And now ...Rxa2 would win.} 31. Qc2 {[%emt 0:00:54] White is more active.} Rxa2 32. Qxa2 {[%emt 0:00:09] Hoping for Qa7.} Qb4 (32... Nd7 $16) 33. Nxc6 $18 Qc3 34. Qa3 $36 {[%emt 0:00:04][%mdl 2048] White is really pushing.} Qd2 35. Qc1 Qd3 (35... Qe2 $16 36. Qe1 Qc2) 36. Ne5 Qe2 37. Qe1 Qb2 38. Rb1 Qa2 39. c6 {[%emt 0:00:03] Black must now prevent Rb7.} ({But not} 39. Rb7 Rf8 40. c6 Qc2) 39... Rc8 (39... Qc2 $142 40. Qb4 Ne4) 40. Qc1 $2 ({White should try} 40. Rb7 $18) 40... Ne4 $11 41. Rb2 (41. Kh2 {feels hotter.} Qf2 42. Rb2 Qg3+ 43. Kg1) 41... Qa3 42. Rc2 (42. Kh2 $5 Nd6 43. Rc2 Qxc1 44. Rxc1 $14) 42... Qxc1+ (42... Qb4 $14) 43. Rxc1 $14 {[%emt 0:00:02][%mdl 4096] Endgame KRN-KRN} f6 44. Nd3 (44. Nd7 $142 {Threatens to win with c7.} Rc7 45. Nb6) 44... Kf7 (44... Nd6 $142) 45. Nb4 Nd6 46. Ra1 Rb8 $2 {[%emt 0:00:02] [#]} (46... Nb5 $16 {was worth a try.}) 47. Ra7+ $1 $18 Kg6 48. Rd7 Rxb4 49. Rxd6 {[%emt 0:00:02] KR-KR} Kf5 (49... Rc4 $142 50. Rxe6 Kf5) 50. Kf2 h5 51. Rd7 g5 52. fxg5 fxg5 53. c7 ({Much less strong is} 53. Rf7+ $6 Ke4 $14) ({Better is} 53. Ke2 $16) 53... Rc4 $14 54. Ke2 g4 $2 {[%emt 0:00:10][%mdl 8192] White now steadily converts the win.} (54... Ke4 $14) 55. h4 $18 e5 $2 (55... Rc2+ 56. Kd3 Rc6) 56. Kd3 {[%emt 0:00:05] aiming for e4+.} Ke6 57. Rh7 e4+ 58. Ke2 Rc2+ 59. Kf1 g3 {[%emt 0:00:01] [#]} 60. Rg7 $1 ({And not} 60. Rxh5 Rxc7 61. Rg5 Rc1+ 62. Ke2 Rc2+ 63. Kf1 Rc1+ 64. Ke2 Rc2+ 65. Kf1 Rc1+ $11) 60... Kf6 (60... Rc3 $142 61. Rxg3 Rc1+ 62. Kf2 Rc2+ 63. Ke1 Rc1+ 64. Ke2 Rxc7 65. Rg6+ Kf7) 61. Rxg3 Rxc7 62. Rg5 Rc3 63. Kf2 Rc2+ 64. Kg3 Re2 65. Rxd5 Rxe3+ 66. Kf4 Re2 67. g3 Kg6 68. Rg5+ Kh6 69. Re5 Kg6 70. Rg5+ Kh6 71. Re5 Kg6 72. Rxe4 {[%emt 0:00:00] White is clearly winning.} Rf2+ 73. Ke3 Rf1 74. Re5 Rg1 75. Rg5+ {[%emt 0:00:01] Weighted Error Value: White=0.23 (precise) /Black=0.35} 1-0

[Event "AI Cup Div-2 2023"]
[Site "Online"]
[Date "2023.09.26"]
[Round "51.2"]
[White "Saric, Ivan"]
[Black "Antipov, Mikhail Al."]
[Result "1-0"]
[ECO "C65"]
[WhiteElo "2647"]
[BlackElo "2600"]
[Annotator "ChessBase"]
[PlyCount "49"]
[EventDate "2023.09.18"]
[EventType "k.o."]
[EventCountry "NET"]
[SourceTitle "playchess.com"]
[Source "ChessBase"]
[SourceQuality "1"]
[TimeControl "900+3"]

1. e4 e5 2. Nf3 Nc6 3. Bb5 Nf6 4. d3 Ne7 5. Nc3 c6 6. Bc4 d6 7. Bb3 h6 8. d4 Qc7 9. Be3 Ng6 10. a4 Be7 11. h3 O-O 12. Qd2 exd4 13. Nxd4 Re8 14. O-O-O Bf8 15. f3 a6 16. g4 b5 17. g5 hxg5 18. Bxg5 b4 19. Nce2 Nh7 20. Rhg1 Bd7 21. Nf4 Nxf4 22. Qxf4 Be6 23. Bh6 Bxb3 24. Bxg7 Bxg7 25. Nf5 1-0

[Event "AI Cup Div-2 2023"]
[Site "Online"]
[Date "2023.09.26"]
[Round "51.2"]
[White "Hakobyan, Aram"]
[Black "Kuzubov, Yuriy"]
[Result "0-1"]
[ECO "D36"]
[WhiteElo "2617"]
[BlackElo "2625"]
[Annotator "ChessBase"]
[PlyCount "96"]
[EventDate "2023.09.18"]
[EventType "k.o."]
[EventCountry "NET"]
[SourceTitle "playchess.com"]
[Source "ChessBase"]
[SourceQuality "1"]
[TimeControl "900+3"]

1. d4 Nf6 2. c4 e6 3. Nc3 d5 4. cxd5 exd5 5. Bg5 c6 6. e3 Be7 7. Bd3 Nbd7 8. Nge2 O-O 9. O-O Nh5 10. Bxe7 Qxe7 11. Qc2 g6 12. Rae1 Ndf6 13. Nc1 b6 14. f3 c5 15. Qf2 Bb7 16. g4 Ng7 17. N1e2 Rfe8 18. Ng3 a6 19. h4 Qd6 20. Nce2 Re7 21. h5 Rae8 22. hxg6 fxg6 23. dxc5 bxc5 24. Nf4 c4 25. g5 Nd7 26. Bc2 Re5 27. Ng2 d4 28. f4 R5e7 29. exd4 Rxe1 30. Nxe1 Ne6 31. Ne2 Nb6 32. Ng2 Bxg2 33. Kxg2 Nd5 34. Be4 Nxg5 35. fxg5 Rxe4 36. Qf7+ Kh8 37. Ng3 Nf4+ 38. Kf3 Rxd4 39. Ne4 Rxe4 40. Kxe4 Qd3+ 41. Ke5 Qe3+ 42. Kd6 Qb6+ 43. Kd7 Qb7+ 44. Ke8 Qc8+ 45. Ke7 Qc7+ 46. Kf8 Qd8+ 47. Qe8 Qc7 48. Re1 Qg7# 0-1

[Event "AI Cup Div-2 2023"]
[Site "Online"]
[Date "2023.09.26"]
[Round "51.2"]
[White "Safarli, Eltaj"]
[Black "Niemann, Hans Moke"]
[Result "1-0"]
[ECO "C50"]
[WhiteElo "2612"]
[BlackElo "2667"]
[Annotator "ChessBase"]
[PlyCount "89"]
[EventDate "2023.09.18"]
[EventType "k.o."]
[EventCountry "NET"]
[SourceTitle "playchess.com"]
[Source "ChessBase"]
[SourceQuality "1"]
[TimeControl "900+3"]

1. e4 e5 2. Nf3 Nc6 3. Bc4 Nf6 4. d3 Bc5 5. Nc3 a6 6. Bg5 h6 7. Bxf6 Qxf6 8. Nd5 Qd8 9. c3 d6 10. d4 exd4 11. cxd4 Ba7 12. Rc1 O-O 13. h3 Re8 14. O-O Rxe4 15. Bd3 Re8 16. Bb1 g6 17. Qd2 Kg7 18. Rfe1 Rxe1+ 19. Rxe1 Bd7 20. Qf4 Be6 21. Rxe6 fxe6 22. Qg4 Ne7 23. Qxe6 Nxd5 24. Qxg6+ Kf8 25. Qxh6+ Ke8 26. Qh5+ Kd7 27. Qxd5 Kc8 28. Ne5 Bb6 29. Be4 Ra7 30. Bf5+ Kb8 31. Nd7+ Ka8 32. h4 a5 33. h5 a4 34. Nxb6+ cxb6 35. Be4 Qc8 36. Qxd6 Ra5 37. Bf3 Rf5 38. h6 Ka7 39. h7 Rf7 40. Qg6 Qc1+ 41. Kh2 Qf4+ 42. Kh3 Rf6 43. Qh5 a3 44. bxa3 Rh6 45. h8=Q 1-0

[Event "AI Cup Div-2 2023"]
[Site "Online"]
[Date "2023.09.26"]
[Round "51.3"]
[White "Eljanov, Pavel"]
[Black "Gledura, Benjamin"]
[Result "1-0"]
[ECO "B84"]
[WhiteElo "2695"]
[BlackElo "2633"]
[Annotator "ChessBase"]
[PlyCount "97"]
[EventDate "2023.09.18"]
[EventType "k.o."]
[EventCountry "NET"]
[SourceTitle "playchess.com"]
[Source "ChessBase"]
[SourceQuality "1"]
[TimeControl "900+3"]

1. e4 c5 2. Nf3 d6 3. d4 cxd4 4. Nxd4 Nf6 5. Nc3 a6 6. Be2 e6 7. Be3 Qc7 8. Qd2 b5 9. a3 Nbd7 10. f3 h5 11. O-O-O Be7 12. h3 h4 13. Ndxb5 axb5 14. Nxb5 Qc6 15. Nxd6+ Kf8 16. Bb5 Qc7 17. Bf4 e5 18. Be3 g6 19. Bc4 Rh7 20. Bb3 Ba6 21. Kb1 Rd8 22. Bh6+ Kg8 23. Nxf7 Rxf7 24. Qg5 Nf8 25. Bxf8 Kxf8 26. Qxg6 Rxd1+ 27. Rxd1 Bc4 28. Qh6+ Rg7 29. Rd2 Bxb3 30. cxb3 Ng8 31. Qa6 Rf7 32. Rc2 Qd6 33. Rc6 Qd1+ 34. Ka2 Nf6 35. Qc8+ Kg7 36. Qf5 Qd4 37. Re6 Bxa3 38. Qg5+ Kf8 39. Qh6+ Kg8 40. bxa3 Qf2+ 41. Kb1 Qe1+ 42. Kb2 Qf2+ 43. Kb1 Qe1+ 44. Qc1 Qe3 45. Qxe3 Nh7 46. Qh6 Nf8 47. Re8 Rf4 48. a4 Rf7 49. a5 1-0

[Event "AI Cup Div-2 2023"]
[Site "Online"]
[Date "2023.09.26"]
[Round "51.3"]
[White "Safarli, Eltaj"]
[Black "Niemann, Hans Moke"]
[Result "0-1"]
[ECO "B31"]
[WhiteElo "2612"]
[BlackElo "2667"]
[Annotator "ChessBase"]
[PlyCount "114"]
[EventDate "2023.09.18"]
[EventType "k.o."]
[EventCountry "NET"]
[SourceTitle "playchess.com"]
[Source "ChessBase"]
[SourceQuality "1"]
[TimeControl "900+3"]

1. e4 c5 2. Nf3 Nc6 3. Bb5 g6 4. c3 Bg7 5. d4 Qa5 6. a4 cxd4 7. O-O a6 8. Bc4 Nf6 9. Re1 Nxe4 10. Bxf7+ Kxf7 11. Rxe4 d5 12. Rf4+ Ke8 13. cxd4 Bf5 14. Nc3 Rf8 15. Bd2 Qd8 16. a5 Qd6 17. Qb3 h6 18. h4 g5 19. hxg5 hxg5 20. Nxg5 Bxd4 21. Re1 Be5 22. Rh4 Nxa5 23. Qxd5 Nc6 24. Qxd6 Bxd6 25. Nge4 Be5 26. Nc5 Rd8 27. Bh6 Rh8 28. Rh5 Bc8 29. N3e4 Kf7 30. Rxe5 Nxe5 31. Bf4 Nc6 32. Ng5+ Kg6 33. Nf3 Rd5 34. Ne4 Rdh5 35. Ng3 Rb5 36. Ne5+ Nxe5 37. Bxe5 Rd8 38. Bc3 Kf7 39. f3 Rg8 40. Kf2 Rbg5 41. Be5 Be6 42. Bf4 Rb5 43. Be5 a5 44. Re4 a4 45. Rf4+ Ke8 46. Bc3 Rbg5 47. Ne4 Rxg2+ 48. Ke3 b5 49. Nc5 Bd5 50. Rf5 e6 51. Rh5 Rf8 52. Rh7 Rxf3+ 53. Kd4 Rf7 54. Rh8+ Ke7 55. Bb4 Rg4+ 56. Ne4+ Kd7 57. Kc5 Rxe4 0-1

[Event "AI Cup Div-2 2023"]
[Site "Online"]
[Date "2023.09.27"]
[Round "52.1"]
[White "Caruana, Fabiano"]
[Black "Saric, Ivan"]
[Result "1-0"]
[ECO "D45"]
[WhiteElo "2786"]
[BlackElo "2647"]
[Annotator "TA"]
[PlyCount "135"]
[EventDate "2023.09.18"]
[EventType "k.o."]
[EventCountry "NET"]
[SourceTitle "playchess.com"]
[Source "ChessBase"]
[SourceQuality "1"]
[TimeControl "900+3"]

1. c4 c6 2. Nf3 d5 3. e3 Nf6 4. Nc3 e6 5. d4 a6 6. c5 Nbd7 7. b4 {[%emt 0:00:16] 7.Qc2 is vanishing.} b6 {[%emt 0:00:51] D45: Semi-Slav: 5 e3.} 8. Rb1 $5 {[%emt 0:00:45][%mdl 4] Leaves trodden paths.} a5 9. a3 {[%emt 0:00:04][%cal Ba2a3,Ba3b4,Bb4c5][%mdl 32] [#]} axb4 $146 {[%emt 0:00:15] The position is equal.} ({Predecessor:} 9... Be7 10. Bd3 axb4 11. axb4 bxc5 12. bxc5 Ba6 13. O-O O-O 14. Qe2 Bxd3 15. Qxd3 Qc7 {½-½ Deac,B (2544)-Lupulescu,C (2525) Bucharest Superbet-B blitz  2019 (2)}) 10. axb4 Be7 11. Be2 bxc5 12. bxc5 Ba6 13. O-O O-O 14. h3 Qc7 15. Bxa6 Rxa6 16. Qc2 e5 17. Bd2 Rfa8 18. Rb2 e4 19. Nh2 Ra1 20. Rfb1 h5 21. Nf1 Rxb1 22. Qxb1 Bd8 23. Na2 Qc8 24. Nb4 Ba5 25. Ra2 {[%emt 0:00:27] Qa1 is the strong threat.} Bxb4 26. Bxb4 Rxa2 27. Qxa2 Qb7 28. Qa5 h4 {[%emt 0:00:09] [#]} (28... Nf8 $11 {remains equal.}) 29. Qd8+ $1 $16 Nf8 {[%emt 0:00:12] Black is weak on the dark squares} 30. Ba5 Qd7 {[%emt 0:00:26] [#]} 31. Qb8 (31. Nd2 $1 $16) 31... Qe8 $36 {[%emt 0:00:39][%mdl 2048] Black is pushing.} 32. Qb7 Ne6 33. Bb6 g5 34. Nh2 Kg7 35. Ba7 Qd7 36. Qa6 g4 37. hxg4 Ng5 $1 38. Bb8 Nxg4 39. Bf4 Nxh2 40. Kxh2 {[%emt 0:00:00][%mdl 4096] Endgame KQB-KQN} Ne6 41. Bd6 h3 42. Qe2 Ng5 $1 43. Bf4 Qf5 (43... hxg2 $11 44. Bxg5 Kg6) 44. Bxg5 $18 Qxg5 45. Kxh3 $2 {[%emt 0:00:43] KQ-KQ} ({Only move:} 45. gxh3 $18 {Strongly threatening Qg4.} Kh7 46. Qg4 Qxg4 47. hxg4) 45... Qh6+ $1 $11 46. Kg3 {[%emt 0:00:02] Threatens to win with Qg4+.} f5 {[%emt 0:00:02] Inhibits Qg4+.} 47. Qa6 {[%emt 0:00:16] Qb7+ would be deadly.} Qg5+ 48. Kh2 Qh5+ 49. Kg1 Qd1+ 50. Qf1 Qd2 51. g3 Kg6 52. Kg2 {[%emt 0:00:01] And now Qa6 would win.} Kg5 $1 53. Qh1 {[%emt 0:00:07] aiming for Qh4+.} Qe2 54. Qh4+ Kg6 55. Qf4 Qg4 56. Qd6+ Kg5 57. Qd8+ (57. Qxc6 $5 Qf3+ $8 58. Kg1 Qd1+ 59. Kh2 Qh5+ 60. Kg2 Qf3+ 61. Kg1 Qd1+ 62. Kh2 Qh5+ 63. Kg2 Qf3+ $11) 57... Kg6 58. Qg8+ Kf6 59. Qh7 {[%emt 0:00:11] Active counter play!} ({Don't take} 59. Qd8+ $6 Kg6 $16) 59... Qf3+ 60. Kg1 Qd1+ 61. Kh2 Qf3 62. Qh6+ Kf7 63. Qf4 {[%emt 0:00:00] Hoping for Qxf3.} Qh5+ 64. Kg2 Qg4 65. f3 ({Don't do} 65. Qc7+ $6 Kf8 $16) 65... exf3+ 66. Qxf3 Qg5 67. g4 Ke7 $2 (67... Qxg4+ $11 68. Qxg4 fxg4) 68. Qf4 $2 {[%emt 0:00:17][%mdl 32768] Weighted Error Value: White=0.15 (very precise) /Black=0.05 (flawless) . Loss on time!?} (68. Qxf5 $18 Qxe3 69. Qf2) 1-0

[Event "AI Cup Div-2 2023"]
[Site "Online"]
[Date "2023.09.27"]
[Round "52.1"]
[White "Dominguez Perez, Leinier"]
[Black "Eljanov, Pavel"]
[Result "1/2-1/2"]
[ECO "C56"]
[WhiteElo "2745"]
[BlackElo "2695"]
[Annotator "TA"]
[PlyCount "39"]
[EventDate "2023.09.18"]
[EventType "k.o."]
[EventCountry "NET"]
[SourceTitle "playchess.com"]
[Source "ChessBase"]
[SourceQuality "1"]
[TimeControl "900+3"]

1. e4 e5 2. Nf3 Nc6 3. Bc4 d6 4. d4 Nf6 5. dxe5 dxe5 6. Qxd8+ {[%emt 0:00:08] C56: Two Knights: 4 d4 exd4 5 0-0 Nxe4.} Nxd8 7. Nxe5 Bd6 {[%emt 0:00:02] The position is equal.} 8. Nf3 {[%emt 0:00:26] [#] e5 would be deadly.} Nxe4 9. O-O {[%emt 0:00:00][%cal Bh1f1,Bf1e1,Be1e4][%mdl 32] Strongly threatening Re1.} Be6 {[%emt 0:00:12] [#]} 10. Re1 $146 ({Predecessor:} 10. Bxe6 Nxe6 11. Re1 N4c5 12. Nc3 O-O-O 13. Be3 a6 14. a4 Rhe8 15. a5 Bf4 16. b4 Bxe3 17. Rxe3 {0-1 Abrahamyan,T (2262)-Batsiashvili,N (2478) WchT (Women) Final rapid 2023 (2.1)}) 10... Bxc4 11. Rxe4+ Be6 12. Nc3 a6 13. Bf4 Bxf4 14. Rxf4 O-O 15. Re1 h6 16. Ne5 Re8 17. h4 f6 18. Nd3 {[%emt 0:00:02] A dynamic duo of knights.} Bf7 {[%emt 0:00:12] Repels Nd5} 19. Rxe8+ Bxe8 20. Re4 {[%emt 0:01:23] Repels Ne6. Not much happened in this game.   Weighted Error Value: White=0.02 (flawless) /Black=0.01 (flawless)} 1/2-1/2